AoeStats
← Mr. Penis

Arena

509605141Analyzed
4v4 RM · 3d ago on Sep 27, 2026· 48m 44s· 8 players
Game mode
Random Map
Map size
Large (8 player)
Population
200
Speed
Normal
Resources
Standard
Victory
Conquest
Starting age
Dark Age
Ending age
Imperial Age
RankedLock teamsTeams togetherTeam positionsShared explorationLock speedFull tech treeHidden civsTurbo modeCheats
Victory
Defeat
1318
+13
🇻🇳 Vietnamese · Vietnam
1300
+14
🇮🇳 Malians · India
1278
+15
🇮🇹 Magyars · Italy
1263
+16
🇨🇳 Mongols · China
1375
-20
🇷🇺 Jurchens · Russia
1280
-15
🇯🇵 Gurjaras · Japan
1191
-12
🇯🇵 Danes · Japan
1177
-11
BLADE
10:20 Feudal Age
8:40 Loom
9:16 Loom
11:03 Feudal Age
15:21 Castle Age
13:38 Double-Bit Axe
13:39 Horse Collar
17:05 Bow Saw
19:27 Heavy Plow
22:08 Wheelbarrow
24:59 Hand Cart
25:27 Gold Mining
28:40 Imperial Age
25:55 Loom
26:50 Fletching
27:11 Forging
27:54 Gold Shaft Mining
27:12 Stone Mining
27:23 Padded Archer Armor
27:44 Town Watch
28:04 Bodkin Arrow
28:20 Elite Skirmisher
30:38 Chemistry
30:07 Leather Archer Armor
30:24 Conscription
29:47 Imperial Skirmisher
30:40 Scale Mail Armor
31:17 Iron Casting
33:00 Chain Mail Armor
33:15 Ring Archer Armor
32:14 Pikeman
32:40 Arson
32:56 Squires
33:41 Coinage
33:09 Man-at-Arms
34:20 Plate Mail Armor
34:35 Long Swordsman
35:12 Two-Handed Swordsman
36:59 Farimba
38:54 Elite Gbeto
40:25 Ballistics
40:17 Masonry
41:00 Hoardings
41:54 Architecture
41:35 Fortified Wall
42:04 Crop Rotation
45:10 Onager
47:36 Siege Onager
Chut Pro
2:32 Loom
11:31 Feudal Age
16:22 Castle Age
14:26 Horse Collar
14:51 Double-Bit Axe
16:24 Wheelbarrow
22:16 Hand Cart
25:04 Bow Saw
24:46 Gold Mining
29:20 Imperial Age
27:12 Scale Barding Armor
27:18 Forging
28:45 Chain Barding Armor
29:50 Iron Casting
29:31 Bloodlines
29:46 Husbandry
30:06 Chatras
30:46 Plate Barding Armor
30:32 Paper Money
30:38 Paper Money
29:43 Elite Battle Elephant
30:57 Stone Mining
32:09 Two-Man Saw
31:13 Heavy Plow
32:40 Sappers
33:34 Town Watch
39:57 Stone Shaft Mining
40:03 Crop Rotation
44:58 Caravan
44:41 Light Cavalry
45:38 Fletching
47:56 Bodkin Arrow
2ʙ♥ˡᵒᵛᵉᵧₒᵤ
0:56 Loom
10:03 Feudal Age
10:35 Double-Bit Axe
10:30 Horse Collar
17:42 Castle Age
16:40 Stone Mining
16:40 Gold Mining
18:16 Wheelbarrow
18:55 Heavy Plow
19:06 Bow Saw
27:03 Imperial Age
26:52 Hand Cart
26:57 Ballistas
28:19 Gold Shaft Mining
28:20 Conscription
28:44 Heavy Scorpion
29:50 Ballistics
30:42 Siege Engineers
32:53 Chemistry
31:19 Pikeman
32:00 Squires
32:30 Halberdier
33:35 Scale Mail Armor
33:45 Forging
35:19 Chain Mail Armor
36:01 Fortified Wall
36:34 Iron Casting
38:16 Blast Furnace
36:41 Capped Ram
41:57 Siege Ram
47:17 Masonry
47:03 Murder Holes
46:34 Man-at-Arms
bindella
10:32 Feudal Age
8:51 Loom
15:13 Castle Age
13:18 Horse Collar
13:58 Double-Bit Axe
15:39 Town Watch
16:51 Bow Saw
23:26 Wheelbarrow
23:32 Gold Mining
27:17 Imperial Age
26:14 Ballistics
25:55 Murder Holes
27:23 Stone Mining
27:31 Fletching
27:42 Padded Archer Armor
28:40 Gold Shaft Mining
29:10 Chemistry
28:09 Bodkin Arrow
28:28 Thumb Ring
29:17 Conscription
29:59 Bracer
30:57 Parthian Tactics
31:51 Two-Man Saw
31:19 Heavy Cavalry Archer
32:22 Recurve Bow
32:44 Leather Archer Armor
33:52 Scale Barding Armor
33:48 Husbandry
33:59 Bloodlines
34:56 Chain Barding Armor
34:46 Siege Engineers
34:32 Elite Magyar Huszar
36:38 Plate Barding Armor
37:08 Corvinian Army
38:02 Hoardings
42:46 Guard Tower
43:06 Masonry
43:02 Scale Mail Armor
45:37 Caravan
46:07 Coinage
baoh59
10:14 Feudal Age
11:45 Loom
11:56 Double-Bit Axe
14:50 Castle Age
14:32 Horse Collar
14:44 Gold Mining
14:45 Stone Mining
15:53 Wheelbarrow
16:27 Bow Saw
19:51 Heavy Plow
30:50 Imperial Age
28:02 Pikeman
28:47 Scale Mail Armor
29:14 Forging
29:34 Caravan
30:07 Chain Mail Armor
30:56 Gold Shaft Mining
30:56 Stone Shaft Mining
31:16 Squires
31:02 Gambesons
32:04 Conscription
31:22 Onager
32:56 Siege Engineers
33:12 Siege Onager
35:02 Halberdier
36:39 Plate Mail Armor
36:45 Iron Casting
40:02 Fletching
41:13 Blast Furnace
persimmon
11:10 Feudal Age
11:54 Double-Bit Axe
14:47 Castle Age
12:31 Horse Collar
14:56 Wheelbarrow
15:57 Bow Saw
19:21 Loom
21:08 Gold Mining
23:28 Gold Shaft Mining
28:16 Imperial Age
26:41 Caravan
26:46 Fletching
26:57 Padded Archer Armor
28:05 Stone Mining
27:50 Light Cavalry
28:40 Bloodlines
28:31 Husbandry
29:03 Scale Barding Armor
29:10 Forging
29:26 Bodkin Arrow
29:17 Heavy Camel Rider
31:17 Chemistry
30:49 Chain Barding Armor
30:19 Elite Elephant Archer
31:59 Kshatriyas
32:55 Stone Shaft Mining
37:09 Bracer
40:26 Leather Archer Armor
42:23 Hussar
牛比无极限
8:52 Feudal Age
13:31 Castle Age
12:33 Double-Bit Axe
12:31 Horse Collar
19:34 Bow Saw
19:34 Heavy Plow
19:21 Loom
21:09 Wheelbarrow
24:11 Gold Mining
27:53 Imperial Age
25:48 Fletching
25:59 Padded Archer Armor
26:30 Bodkin Arrow
28:07 Leather Archer Armor
28:59 Conscription
28:45 Bracer
29:45 Caravan
30:31 Ballistics
30:03 Elite Mangudai
30:47 Onager
31:52 Hand Cart
32:04 Siege Engineers
33:49 Drill
34:05 Nomads
36:38 Chemistry
35:24 Heavy Scorpion
Mr. Penis
10:54 Feudal Age
12:45 Double-Bit Axe
12:50 Horse Collar
15:29 Castle Age
16:53 Bow Saw
18:57 Wheelbarrow
18:40 Fervor
21:37 Sanctity
23:06 Heavy Plow
24:25 Gold Mining
24:25 Stone Mining
25:36 Loom
26:06 Hand Cart
25:37 Town Watch
26:31 Gold Shaft Mining
26:31 Stone Shaft Mining
30:06 Imperial Age
27:36 Town Patrol
29:04 Fortified Wall
28:37 Treadmill Crane
29:56 Scale Barding Armor
30:01 Forging
30:40 Masonry
31:26 Crop Rotation
31:58 Two-Man Saw
32:04 Chain Barding Armor
32:20 Iron Casting
32:34 Conscription
32:25 Bloodlines
32:16 Husbandry
32:20 Fortified Bastions
33:01 Hoardings
32:05 Elite Steppe Lancer
33:16 Block Printing
37:17 Murder Holes
37:53 Architecture
37:28 Siege Engineers
38:45 Illumination
39:38 Chemistry
38:24 Arrowslits
38:59 Ballistics
43:09 Fletching
Connection lost

Rejoining the realm…

Still unreachable

The connection could not be restored.

Session expired

The server has moved on; the page needs a fresh start.